AoeStats
← THRASHER171

Arabia

505622567Analyzed
1v1 RM · 22d ago on Sep 10, 2026· 33m 22s· 2 players
Game mode
Random Map
Map size
Tiny (2 player)
Population
200
Speed
Normal
Resources
Standard
Victory
Conquest
Starting age
Dark Age
Ending age
Imperial Age
RankedLock teamsTeams togetherTeam positionsShared explorationLock speedFull tech treeHidden civsTurbo modeCheats
Victory
Defeat
🇨🇴 Ethiopians · Colombia
806
+16
🇳🇿 Khmer · New Zealand
801
-16
H@voc;
5:59 Loom
11:02 Feudal Age
16:28 Castle Age
17:03 Fletching
18:18 Bodkin Arrow
19:21 Scale Barding Armor
19:52 Light Cavalry
26:09 Husbandry
30:45 Redemption
THRASHER171
10:11 Feudal Age
10:18 Man-at-Arms
10:49 Double-Bit Axe
14:58 Fletching
21:14 Castle Age
19:55 Scale Barding Armor
22:17 Crossbowman
24:28 Husbandry
24:38 Bodkin Arrow
Connection lost

Rejoining the realm…

Still unreachable

The connection could not be restored.

Session expired

The server has moved on; the page needs a fresh start.